 Dungeon Crawl Stone Soup version 0.26-a0-850-g97a50ab700 (webtiles) character file.

Game seed: 9202597768828957269

17245 robertstho the Frost Mage (level 12, -3/91 HPs)
             Began as a Gnoll Ice Elementalist on Nov 20, 2020.
             Was an Elder of Sif Muna.
             Slain by a cyan ugly thing (13 damage)
             ... on level 13 of the Dungeon.
             The game lasted 00:33:13 (16043 turns).

robertstho the Frost Mage (Gnoll Ice Elementalist) Turns: 16043, Time: 00:33:13

Health: -3/91      AC:  2    Str: 17    XL:     12   Next: 46%
Magic:  18/25      EV: 18    Int: 22    God:    Sif Muna [****..]
Gold:   1290       SH:  5    Dex: 16    Spells: 14/29 levels left

rFire    . . .     SeeInvis .   P - +5 scythe "Finisher" {speed, eviscerate}
rCold    . . .     Faith    .   (shield currently unavailable)
rNeg     . . .     Spirit   .   l - +0 robe {Archmagi}
rPois    +         Reflect  +   (no helmet)
rElec    .         Harm     .   S - scarf {repulsion}
rCorr    .         Rampage  .   (no gloves)
MR       .....                  (no boots)
Stlth    ++++......             c - amulet of reflection
HPRegen  0.25/turn              w - +6 ring of strength
MPRegen  0.19/turn              F - ring of poison resistance

@: repel missiles
A: distributed training, fangs 1, strong nose
a: Channel Magic, Forget Spell, Divine Exegesis, Renounce Religion


You were on level 13 of the Dungeon.
You worshipped Sif Muna.
Sif Muna was greatly pleased with you.
You visited 2 branches of the dungeon, and saw 14 of its levels.
You also visited: Sewer, Ossuary and Bailey.

You collected 1752 gold pieces.
You spent 462 gold pieces at shops.

Inventory:

Hand Weapons
 m - a +2 dagger of electrocution
 p - a +0 trident of protection
 B - a +1 war axe of flaming
 D - a +0 arbalest
 K - a +2 lajatang of venom
 P - the +5 scythe "Finisher" (weapon) {speed, eviscerate}
   (You found it on level 9 of the Dungeon)

   Attacks with this weapon are significantly faster.
Missiles
 h - 4 throwing nets (quivered)
 G - 103 bolts
 U - 11 curare-tipped darts
Armour
 l - a +0 robe of the Archmagi (worn)
 J - a +2 hat
 L - a +2 cloak of stealth
 M - the +3 buckler of the Snail {*Drain MR+ Dex+4}
   (You found it in a bailey)

   It affects your dexterity (+4).
   It affects your resistance to hostile enchantments.
   It causes draining when unequipped.
 Q - a +3 ring mail of cold resistance
 S - a scarf of repulsion (worn)
Jewellery
 b - an uncursed ring of fire {unknown}
 c - an amulet of reflection (around neck)
 i - an uncursed ring of see invisible
 w - a +6 ring of strength (left hand)
 F - a ring of poison resistance (right hand)
Wands
 f - a wand of iceblast (12)
 O - a wand of digging (5)
Scrolls
 a - a scroll of enchant weapon {unknown}
 g - 4 scrolls of fear
 j - 3 scrolls of magic mapping
 k - 12 scrolls of teleportation
 q - 8 scrolls of remove curse
 r - 4 scrolls of fog
 y - 3 scrolls of enchant armour
 C - 3 scrolls of immolation
 H - a scroll of summoning
 I - 2 scrolls of brand weapon
 N - 4 scrolls of identify
 T - 2 scrolls of blinking
Potions
 d - 2 potions of ambrosia
 e - 9 potions of heal wounds
 n - a potion of invisibility
 o - 2 potions of berserk rage
 s - 4 potions of might
 t - 5 potions of curing
 u - 5 potions of brilliance
 v - 2 potions of magic
 x - 2 potions of mutation
 z - a potion of flight
 A - 4 potions of haste
 E - 2 potions of lignification


   Skills:
 + Level 7.3 Fighting
 + Level 7.3 Short Blades
 + Level 7.3 Long Blades
 + Level 7.3 Axes
 + Level 7.3 Maces & Flails
 + Level 7.3 Polearms
 + Level 7.3 Staves
 + Level 7.3 Slings
 + Level 7.3 Bows
 + Level 7.3 Crossbows
 + Level 7.3 Throwing
 + Level 7.3 Armour
 + Level 8.7 Dodging
 + Level 8.5 Stealth
 + Level 7.3 Shields
 + Level 7.3 Unarmed Combat
 + Level 9.0 Spellcasting
 + Level 6.0 Conjurations
 + Level 6.0 Hexes
 + Level 6.0 Summonings
 + Level 6.0 Necromancy
 + Level 6.0 Translocations
 + Level 6.0 Transmutations
 + Level 6.0 Fire Magic
 + Level 9.4 Ice Magic
 + Level 6.0 Air Magic
 + Level 6.0 Earth Magic
 + Level 6.0 Poison Magic
 + Level 8.0 Invocations
 + Level 7.3 Evocations


You had 14 spell levels left.
You knew the following spells:

 Your Spells              Type           Power        Failure   Level
a - Freeze                Ice            ####         1%          1
b - Frozen Ramparts       Ice            ######       1%          3
c - Ozocubu's Armour      Ice            ######..     1%          3
d - Hailstorm             Conj/Ice       ######..     2%          4
e - Summon Ice Beast      Ice/Summ       ######..     2%          4

Your spell library contained the following spells:

 Spells                   Type           Power        Failure   Level
 Animate Skeleton         Necr           ######       1%          1
 Apportation              Tloc           ######       1%          1
 Corona                   Hex            ######.      1%          1
 Magic Dart               Conj           ####         1%          1
 Summon Small Mammal      Summ           ####         1%          1
 Blink                    Tloc           N/A          1%          2
 Call Imp                 Summ           ######..     1%          2
 Slow                     Hex            ######..     1%          2
 Conjure Flame            Conj/Fire      ######..     1%          3
 Ignite Poison            Fire/Tmut/Pois ######..     1%          3
 Mephitic Cloud           Conj/Pois/Air  ######..     1%          3
 Spider Form              Tmut/Pois      ######....   1%          3
 Alistair's Intoxication  Tmut/Pois      ######...    16%         5
 Fireball                 Conj/Fire      ######....   16%         5
 Summon Demon             Summ           ######....   16%         5
 Summon Forest            Summ/Tloc      ######....   16%         5
 Summon Mana Viper        Hex/Summ       ######..     16%         5
 Yara's Violent Unravell  Hex/Tmut       ######....   16%         5
 Shadow Creatures         Summ           N/A          63%         6
 Starburst                Conj/Fire      ######....   63%         6
 Dragon Form              Tmut           ######....   99%         7
 Summon Hydra             Summ           ######....   99%         7
 Ignition                 Fire           ######....   100%        8


Dungeon Overview and Level Annotations

Branches:
Dungeon (13/15)            Temple (1/1) D:7             Orc (0/2) D:12
  Sewer (visited)         Ossuary (visited)          Bailey (visited)
   Lair: D:8-11      Vaults: D:13-14

Altars:
Cheibriados
Dithmenos
Elyvilon
Kikubaaqudgha
Nemelex Xobeh
Okawaru
Qazlal
Ru
Sif Muna
Uskayaw
Xom
Yredelemnul
The Shining One

Shops:
D:4 :?(*=   D:12 [

Annotations:
D:3 1 runed translucent door, rgaf's ghost, weakling VSBr
D:5 1 runed translucent door, R007833r's ghost, amateur DrDe
D:9 exclusion: obsidian statue


Innate Abilities, Weirdness & Mutations

Your experience applies equally to all skills.
You have very sharp teeth.
Your uncanny sense of smell can sniff out nearby items.


Message History

The cyan ugly thing is severely wounded.
The cyan ugly thing trunk-slaps your ice beast!
Your ice beast dies!
Your ice beast hits the cyan ugly thing.
Your ice beast freezes the cyan ugly thing!
Evoke which item? (* to show all) (? for menu, Esc to quit)
Attack whom?
Press: ? - help, Dir - move target cursor, f/p - cyan ugly thing
Aim: a cyan ugly thing (severely wounded)
You reach to attack!
You completely miss the cyan ugly thing.
The cyan ugly thing is severely wounded.
Your ice beast hits the cyan ugly thing.
Your ice beast freezes the cyan ugly thing!
You closely miss the cyan ugly thing.
The cyan ugly thing is almost dead.
The cyan ugly thing trunk-slaps you!
* * * LOW HITPOINT WARNING * * *
The cyan ugly thing shocks you!
You die...

.... #.∆#...............#
.....#. #..............>.
.....#. #................
.....'. #....####........
.....#)##....#..#####+##.
.......>.....'...... #.
.............#...... #.
.........Y...#...... +.
........@u...###########<
.....######..............
.....#....'..............
.... +....#..............
.... #....#..............
#....#..............
#....#....#####....# ∆
#....#....# #....#
#....#....# #....#


You could see a cyan ugly thing and a friendly ice beast (summoned).

Vanquished Creatures
  A two-headed ogre (D:11)
  Sonja (D:10)
  3 unseen horrors (D:10)
  A cyclops (D:12)
  A manticore (D:13)
  2 gargoyles
  2 centaur skeletons
  3 trolls
  3 slime creatures (D:12)
  A shadow (D:12)
  6 wraiths
  Sigmund (D:6)
  2 wyverns
  4 yaks (D:13)
  A water moccasin (D:12)
  An ice beast (D:8)
  3 sky beasts
  11 orc warriors
  2 black bears
  2 necrophages
  3 phantoms
  4 ogres
  6 centaurs
  A big kobold (D:12)
  10 bullfrogs
  6 water moccasin zombies
  A wyvern skeleton (D:12)
  5 scorpions
  5 killer bees (D:7)
  5 spriggan skeletons (D:10)
  A troll skeleton (D:10)
  4 wights
  3 howler monkeys
  2 bullfrog zombies
  A centaur zombie (D:9)
  2 quasits (D:10)
  6 hounds
  5 jellies
  A bullfrog skeleton (D:6)
  14 orc wizards
  9 orc priests
  2 iguanas (D:5)
  4 worker ants
  3 hell rats (D:7)
  5 ogre zombies (D:12)
  4 big kobold zombies (Ossuary)
  2 hound zombies (D:6)
  A hound skeleton (D:8)
  3 mummies
  A worker ant zombie (D:5)
  2 howler monkey zombies
  2 howler monkey skeletons
  3 gnolls (D:6)
  25 adders
  15 river rats
  2 white imps (D:6)
  2 ufetubi
  3 oozes
  An adder skeleton (D:4)
  7 adder zombies
  8 worms
  7 dart slugs
  3 leopard geckos
  47 orcs
  14 ball pythons
  14 bats
  9 giant cockroaches
  6 gnoll zombies (Ossuary)
  5 goblins
  8 hobgoblins
  4 jackals (D:5)
  12 kobolds
  13 quokkas
  2 frilled lizards
  A goblin skeleton (D:12)
  4 goblin zombies (D:12)
  4 hobgoblin zombies (Ossuary)
  A kobold zombie (Ossuary)
  A leopard gecko skeleton (D:8)
  2 orc skeletons (D:12)
  14 orc zombies
  44 rats
455 creatures vanquished.

Vanquished Creatures (collateral kills)
  Harold (D:9)
  An ugly thing (D:12)
  A centaur zombie (D:12)
  2 slime creatures (D:12)
  A shadow (D:12)
  Menkaure (D:6)
  An ice beast (D:9)
  5 orc warriors
  A centaur (D:6)
  6 wights
  A hound (D:8)
  An iguana (D:12)
  An ogre zombie (D:12)
  A leopard gecko (D:8)
  5 orcs
  4 goblins (D:8)
  A hobgoblin skeleton (D:12)
  A hobgoblin zombie (Ossuary)
  An orc skeleton (D:12)
  An orc zombie (D:12)
37 creatures vanquished.

Grand Total: 492 creatures vanquished

Notes
Turn   | Place    | Note
-------+----------+-------------------------------------------
     0 | D:1      | robertstho the Gnoll Ice Elementalist began the quest for
                  | the Orb.
     0 | D:1      | Reached XP level 1. HP: 13/13 MP: 6/6
    74 | D:1      | Reached XP level 2. HP: 18/19 MP: 2/7
   508 | D:1      | Reached XP level 3. HP: 22/25 MP: 0/9
   519 | D:1      | Reached skill level 5 in Spellcasting
  1017 | D:2      | Reached skill level 1 in Invocations
  1238 | D:2      | Reached skill level 1 in Fighting
  1238 | D:2      | Reached skill level 1 in Short Blades
  1238 | D:2      | Reached skill level 1 in Long Blades
  1238 | D:2      | Reached skill level 1 in Axes
  1238 | D:2      | Reached skill level 1 in Maces & Flails
  1238 | D:2      | Reached skill level 1 in Polearms
  1238 | D:2      | Reached skill level 1 in Staves
  1238 | D:2      | Reached skill level 1 in Slings
  1238 | D:2      | Reached skill level 1 in Bows
  1238 | D:2      | Reached skill level 1 in Crossbows
  1238 | D:2      | Reached skill level 1 in Throwing
  1238 | D:2      | Reached skill level 1 in Armour
  1238 | D:2      | Reached skill level 1 in Shields
  1238 | D:2      | Reached skill level 1 in Unarmed Combat
  1238 | D:2      | Reached skill level 1 in Evocations
  1251 | D:2      | Reached XP level 4. HP: 23/32 MP: 2/11
  1724 | D:2      | Found a sparkling altar of Nemelex Xobeh.
  1778 | D:2      | Reached skill level 1 in Conjurations
  1778 | D:2      | Reached skill level 1 in Hexes
  1778 | D:2      | Reached skill level 1 in Summonings
  1778 | D:2      | Reached skill level 1 in Necromancy
  1778 | D:2      | Reached skill level 1 in Translocations
  1778 | D:2      | Reached skill level 1 in Transmutations
  1778 | D:2      | Reached skill level 1 in Fire Magic
  1778 | D:2      | Reached skill level 1 in Air Magic
  1778 | D:2      | Reached skill level 1 in Earth Magic
  1778 | D:2      | Reached skill level 1 in Poison Magic
  2055 | D:3      | Found a runed translucent door.
  2057 | D:3      | Noticed rgaf's ghost (weakling VSBr)
  2078 | D:3      | Reached XP level 5. HP: 37/37 MP: 12/12
  2090 | D:3      | Noticed a centaur
  2106 | D:3      | Learned a level 3 spell: Frozen Ramparts
  2117 | D:3      | Killed a centaur
  2118 | D:3      | Reached XP level 6. HP: 19/44 MP: 1/13
  2213 | D:3      | Reached skill level 5 in Dodging
  2460 | D:3      | Found a glowing drain.
  2468 | Sewer    | Entered a sewer
  2485 | Sewer    | Learned a level 3 spell: Ozocubu's Armour
  2490 | Sewer    | Learned a level 4 spell: Hailstorm
  2588 | Sewer    | Learned a level 4 spell: Summon Ice Beast
  2996 | Sewer    | Reached XP level 7. HP: 50/50 MP: 15/15
  3444 | D:3      | Reached skill level 5 in Stealth
  4017 | D:4      | Found a stormy altar of Qazlal.
  4042 | D:4      | Found Zigahy's Weapon Shop.
  4196 | D:4      | Found Wuhijo's Book Shoppe.
  4360 | D:4      | Found Utsiuxadgh's Jewellery Emporium.
  4462 | D:4      | Found Zaargh's Assorted Antiques.
  4705 | D:4      | Found Teacw's Magic Scroll Boutique.
  4708 | D:4      | Bought a scroll of immolation for 49 gold pieces
  4708 | D:4      | Bought a scroll of identify for 28 gold pieces
  4708 | D:4      | Bought a scroll of remove curse for 42 gold pieces
  4741 | D:5      | Entered Level 5 of the Dungeon
  4783 | D:5      | Noticed R007833r's ghost (amateur DrDe)
  4784 | D:5      | Found a runed translucent door.
  4805 | D:5      | Reached XP level 8. HP: 57/57 MP: 10/16
  4834 | D:5      | Found a sand-covered staircase.
  4844 | Ossuary  | Entered an ossuary
  6555 | D:6      | Reached XP level 9. HP: 65/65 MP: 18/18
  6573 | D:6      | Found a white marble altar of Elyvilon.
  6931 | D:6      | Noticed Sigmund
  6941 | D:6      | Killed Sigmund
  7003 | D:6      | Found an ancient bone altar of Kikubaaqudgha.
  7003 | D:6      | Found a white marble altar of Elyvilon.
  7003 | D:6      | Found a shadowy altar of Dithmenos.
  7373 | D:6      | Noticed Menkaure
  7394 | D:6      | Killed Menkaure
  7648 | D:7      | Reached skill level 5 in Invocations
  8379 | D:7      | Reached XP level 10. HP: 62/73 MP: 12/20
  8441 | D:7      | Found a staircase to the Ecumenical Temple.
  8588 | D:7      | Found a snail-covered altar of Cheibriados.
  8631 | Temple   | Entered the Ecumenical Temple
  8671 | Temple   | Became a worshipper of Sif Muna the Loreminder
  8983 | D:8      | Found a hide-covered altar of Uskayaw.
  8985 | D:8      | Found an iron altar of Okawaru.
  9182 | D:8      | Found a white marble altar of Elyvilon.
  9226 | D:8      | Found a flagged portal.
  9258 | Bailey   | Entered a bailey
  9303 | Bailey   | Reached skill level 5 in Fighting
  9303 | Bailey   | Reached skill level 5 in Short Blades
  9303 | Bailey   | Reached skill level 5 in Long Blades
  9303 | Bailey   | Reached skill level 5 in Axes
  9303 | Bailey   | Reached skill level 5 in Maces & Flails
  9303 | Bailey   | Reached skill level 5 in Polearms
  9303 | Bailey   | Reached skill level 5 in Staves
  9303 | Bailey   | Reached skill level 5 in Slings
  9303 | Bailey   | Reached skill level 5 in Bows
  9303 | Bailey   | Reached skill level 5 in Crossbows
  9303 | Bailey   | Reached skill level 5 in Throwing
  9303 | Bailey   | Reached skill level 5 in Armour
  9303 | Bailey   | Reached skill level 5 in Shields
  9303 | Bailey   | Reached skill level 5 in Unarmed Combat
  9303 | Bailey   | Reached skill level 5 in Evocations
  9311 | Bailey   | HP: 3/74 [orc warrior/+0 halberd (18)]
  9312 | Bailey   | Reached * piety under Sif Muna
 10061 | Bailey   | Got a warped buckler
 10433 | D:8      | Found a glowing golden altar of the Shining One.
 10865 | D:8      | Identified the +3 buckler of the Snail {*Drain MR+ Dex+4}
                  | (You found it in a bailey)
 10907 | D:9      | Noticed an obsidian statue
 10908 | D:9      | Noticed a smoke demon
 11249 | D:9      | Found the +5 scythe "Finisher" {speed, eviscerate}
 11365 | D:9      | Noticed Harold
 11396 | D:9      | Killed Harold
 12409 | D:10     | Entered Level 10 of the Dungeon
 12456 | D:10     | Reached XP level 11. HP: 81/81 MP: 17/22
 12462 | D:10     | Reached ** piety under Sif Muna
 12954 | D:10     | Reached skill level 5 in Conjurations
 12954 | D:10     | Reached skill level 5 in Hexes
 12954 | D:10     | Reached skill level 5 in Summonings
 12954 | D:10     | Reached skill level 5 in Necromancy
 12954 | D:10     | Reached skill level 5 in Translocations
 12954 | D:10     | Reached skill level 5 in Transmutations
 12954 | D:10     | Reached skill level 5 in Fire Magic
 12954 | D:10     | Reached skill level 5 in Air Magic
 12954 | D:10     | Reached skill level 5 in Earth Magic
 12954 | D:10     | Reached skill level 5 in Poison Magic
 12997 | D:10     | Noticed an unseen horror
 13006 | D:10     | Killed an unseen horror
 13161 | D:10     | Noticed an unseen horror
 13172 | D:10     | Killed an unseen horror
 13275 | D:10     | Noticed Sonja
 13307 | D:10     | Killed Sonja
 13699 | D:10     | Noticed an unseen horror
 13720 | D:10     | Killed an unseen horror
 13982 | D:11     | Noticed a two-headed ogre
 13998 | D:11     | Killed a two-headed ogre
 14081 | D:11     | Reached *** piety under Sif Muna
 14159 | D:11     | You fall into a shaft and drop 1 floor!
 14189 | D:12     | Found a shimmering altar of Xom.
 14189 | D:12     | Found a shimmering altar of Xom.
 14244 | D:12     | Found a shimmering altar of Xom.
 14244 | D:12     | Found a shimmering altar of Xom.
 14484 | D:12     | Reached **** piety under Sif Muna
 14496 | D:12     | Found a staircase to the Orcish Mines.
 14506 | D:12     | Reached XP level 12. HP: 47/89 MP: 24/24
 15355 | D:12     | Found Ykituowk's Antique Armour Boutique.
 15359 | D:12     | Bought a runed helmet for 195 gold pieces
 15359 | D:12     | Bought a faintly glowing robe for 148 gold pieces
 15379 | D:12     | Identified the +2 robe "Zyzoddemn" {rN+ Int-3 Dex+4} (You
                  | bought it in a shop on level 12 of the Dungeon)
 15607 | D:12     | Identified the Guide on Transmutation
 16043 | D:13     | Slain by a cyan ugly thing

Illustrated notes

Levels and vault maps discovered:
D:1:      saegor_arrival_simple_a, layout_rooms
D:2:      layout_basic, nemelex_lonely_heart_becter
D:3:      layout_basic, lightli_sewer_entry_pipes, ebering_ghost_reflecting_pool
D:4:      layout_cave_pools, marbit_many_paths, serial_shops, shop, shop,
          nicolae_shop_waterfront, kennysheep_little_box, shop,
          nrook_mini_backslash, grunt_decor_one_mirror
D:5:      layout_rooms, enter_ossuary_3, hellmonk_ghost_happy_afterlife
D:6:      layout_loops_corners, gammafunk_temple_overflow_claw, basic_altar,
          chequers_jeans, uniq_menkaure, uniq_sigmund
D:7:      lemuel_ratsnest, layout_basic, slow_altar_2, temple_doors_e
D:8:      layout_basic, nicolae_tso_swordbearing_angel,
          chequers_temple_overflow_statue_of_worship, enter_bailey_5,
          basic_altar
D:9:      layout_grid_maze, minivault_15, minmay_guarded_unrand_finisher,
          uniq_harold
D:10:     layout_gridville, minmay_liquid_box, chequers_decorated_corner,
          hangedman_tell_no_tales, uniq_sonja
D:11:     layout_loops_cross, lair_entry_dummy, eino_jars
D:12:     layout_roguey, zombieorc1_lemuel, serial_shops, shop,
          minmay_variable_closet, xom_redecorated
D:13:     layout_gridville
Temple:   minmay_temple_curvy_branch

Skill      XL: |  1  2  3  4  5  6  7  8  9 10 11 12 |
---------------+-------------------------------------+-----
Spellcasting   | 5 6 7 8 9 |  9.0
Invocations    | 1 2 3 4 5 6 7 8 |  8.0
Fighting       | 1 2 3 4 5 6 7 |  7.3
Short Blades   | 1 2 3 4 5 6 7 |  7.3
Long Blades    | 1 2 3 4 5 6 7 |  7.3
Axes           | 1 2 3 4 5 6 7 |  7.3
Maces & Flails | 1 2 3 4 5 6 7 |  7.3
Polearms       | 1 2 3 4 5 6 7 |  7.3
Staves         | 1 2 3 4 5 6 7 |  7.3
Slings         | 1 2 3 4 5 6 7 |  7.3
Bows           | 1 2 3 4 5 6 7 |  7.3
Crossbows      | 1 2 3 4 5 6 7 |  7.3
Throwing       | 1 2 3 4 5 6 7 |  7.3
Armour         | 1 2 3 4 5 6 7 |  7.3
Shields        | 1 2 3 4 5 6 7 |  7.3
Unarmed Combat | 1 2 3 4 5 6 7 |  7.3
Evocations     | 1 2 3 4 5 6 7 |  7.3
Conjurations   | 1 2 3 4 5 6 |  6.0
Hexes          | 1 2 3 4 5 6 |  6.0
Summonings     | 1 2 3 4 5 6 |  6.0
Necromancy     | 1 2 3 4 5 6 |  6.0
Translocations | 1 2 3 4 5 6 |  6.0
Transmutations | 1 2 3 4 5 6 |  6.0
Fire Magic     | 1 2 3 4 5 6 |  6.0
Air Magic      | 1 2 3 4 5 6 |  6.0
Earth Magic    | 1 2 3 4 5 6 |  6.0
Poison Magic   | 1 2 3 4 5 6 |  6.0
Dodging        | 5 6 7 8 |  8.7
Stealth        | 5 6 7 8 |  8.5
Ice Magic      | 8 9 |  9.4

Action                   |  1- 3 |  4- 6 |  7- 9 | 10-12 || total
-------------------------+-------+-------+-------+-------++-------
Melee: Unarmed           |     5 |       |       |       ||     5
       Dagger            |    70 |    67 |   322 |    82 ||   541
       Bite              |     8 |     4 |    31 |    26 ||    69
       Punch             |       |       |     2 |     1 ||     3
       Scythe            |       |       |       |   266 ||   266
 Fire: Arbalest          |       |       |       |    42 ||    42
Throw: Throwing net      |       |       |       |     1 ||     1
 Cast: Freeze            |    30 |    34 |     4 |     2 ||    70
       Frozen Ramparts   |       |    13 |    48 |    42 ||   103
       Hailstorm         |       |     1 |       |    11 ||    12
       Summon Ice Beast  |       |       |     6 |    52 ||    58
Invok: Channel Magic     |       |       |       |     3 ||     3
  Use: Scroll            |       |       |    23 |     9 ||    32
       Potion            |       |       |       |     3 ||     3
 Stab: Sleeping          |     5 |    11 |    14 |    18 ||    48
       Distracted        |       |       |     2 |     7 ||     9
Armor: Robe              |    15 |    18 |    52 |     8 ||    93
       Ring mail         |       |       |       |    66 ||    66
Dodge: Dodged            |    78 |    99 |   293 |   220 ||   690
Block: Buckler           |       |       |       |    20 ||    20
       Other             |       |       |       |    59 ||    59
       Reflection        |       |       |       |     6 ||     6

Table legend: (Time is in decaauts)
 A = Elapsed time spent in this place.
 B = Non-inter-level travel time spent in this place.
 C = Inter-level travel time spent in this place.
 D = Time resting spent in this place.
 E = Time spent auto-exploring this place.
 F = Levels seen in this place.
 G = Mean time per level.
                   A        B        C        D        E       F      G
               +--------+--------+--------+--------+--------+-----+--------+
         Total |  16117 |  15490 |    627 |   1323 |  10948 |  17 |  948.1 |
       Dungeon |  13451 |  12849 |    602 |    282 |   9910 |  13 | 1034.7 |
        Temple |     65 |     40 |     25 |      0 |     34 |   1 |   65.0 |
         Sewer |    759 |    759 |      0 |      0 |    557 |   1 |  759.0 |
       Ossuary |    900 |    900 |      0 |    430 |    304 |   1 |  900.0 |
        Bailey |    939 |    939 |      0 |    611 |    143 |   1 |  939.0 |
               +--------+--------+--------+--------+--------+-----+--------+

Top non-repeatable levels by time:
    D:12: 1666 daAuts
    D:10: 1532 daAuts
     D:9: 1462 daAuts
     D:3: 1407 daAuts
     D:7: 1260 daAuts
     D:8: 1177 daAuts
     D:6: 1147 daAuts
     D:2: 1022 daAuts
  Bailey: 939 daAuts
 Ossuary: 900 daAuts
     D:1: 884 daAuts
   Sewer: 759 daAuts
     D:4: 747 daAuts
     D:5: 717 daAuts
    D:13: 233 daAuts
